 Dungeon Crawl Stone Soup version 0.28-a0-1080-g05a166d0ed (webtiles) character file.

Game seed: 4021520323401932999

247 leviel the Cutter (level 6, -4/51 HPs)
             Began as a Hill Orc Fighter on Dec 9, 2021.
             Killed by divine providence
             ... invoked by an orc priest
              (12 damage)
             ... on level 5 of the Dungeon.
             The game lasted 00:06:23 (3890 turns).

leviel the Cutter (Hill Orc Fighter)                Turns: 3890, Time: 00:06:24

Health: -4/51      AC:  8    Str: 21    XL:     6   Next: 11%
Magic:  6/6        EV:  9    Int:  8    God:
Gold:   267        SH:  4    Dex:  6    Spells: 5/5 levels left

rFire   . . .      SeeInvis +   g - +6 rapier of Prudence {spect, Fly rN++ Dex-4 SInv}
rCold   . . .      Faith    .   c - +0 buckler
rNeg    + + .      Spirit   .   b - +0 scale mail
rPois   .          Reflect  .   (no helmet)
rElec   .          Harm     .   e - +0 cloak
rCorr   .          Rampage  .   (no gloves)
Will    .....                   (no boots)
Stlth   ..........              (no amulet)
HPRegen 0.17/turn               (no ring)
MPRegen 0.10/turn               (no ring)

@: flying
A: no striking features
a: Convert to Beogh


You were on level 5 of the Dungeon.
You visited 1 branch of the dungeon, and saw 5 of its levels.

You collected 267 gold pieces.

Inventory:

Hand Weapons
 a - a +0 long sword
 g - the +6 rapier of Prudence (weapon) {spect, Fly rN++ Dex-4 SInv}
   (You acquired it on level 2 of the Dungeon)

   When its wielder attacks, the weapon's spirit leaps out and strikes again.
   The spirit shares a part of any damage it takes with its wielder.
   Dex:       It affects your dexterity (-4).
   rN:        It greatly protects you from negative energy.
   SInv:      It lets you see invisible.
   Fly:       It grants you flight.
Armour
 b - a +0 scale mail (worn)
 c - a +0 buckler (worn)
 e - a +0 cloak (worn)
Jewellery
 p - an amulet of reflection
Wands
 m - a wand of polymorph (2)
 t - a wand of acid (4)
Potions
 d - a potion of might
 f - 2 potions of magic
 h - a potion of flight
 i - a potion of ambrosia
 j - a potion of mutation {unknown}
 n - 2 potions of haste
 q - a potion of lignification {unknown}
 r - a potion of heal wounds {unknown}
 s - a potion of degeneration {unknown}
 u - a potion of resistance {unknown}


   Skills:
 - Level 3.6 Fighting
 + Level 4.3(5.0) Short Blades
 + Level 4.0(5.1) Long Blades
 - Level 3.2 Armour
 - Level 4.0 Shields


You had 5 spell levels left.
You didn't know any spells.
Your spell library contained the following spells:

 Spells                   Type           Power      Damage    Failure   Level
 Corpse Rot               Necr/Air       0%         N/A       87%         2
 Static Discharge         Conj/Air       0%         N/A       87%         2
 Sublimation of Blood     Necr           0%         N/A       87%         2
 Wereblood                Tmut           0%         N/A       87%         2
 Inner Flame              Hex/Fire       0%         N/A       98%         3
 Cause Fear               Hex            0%         N/A       100%        4
 Dispel Undead            Necr           0%         3d6       100%        4
 Sticky Flame             Conj/Fire      0%         2d3       100%        4
 Death Channel            Necr           0%         N/A       100%        6
 Summon Hydra             Summ           0%         N/A       100%        7
 Discord                  Hex            0%         N/A       100%        8


Dungeon Overview and Level Annotations

Branches:
Dungeon (5/15)
 Temple: D:4-7

Altars:
Vehumet
Zin


Message History

Beogh smites you!
The orc priest shouts, "Join the one true god or die!"
You puncture the orc priest!
The orc priest is severely wounded.
The orc priest calls down the wrath of Beogh upon you.
Beogh smites you!
The orc priest shouts, "Join the one true god or die!"
You hit the orc priest but do no damage.
The orc priest is severely wounded.
The orc priest looks satisfied for a moment.
The orc priest calls down the wrath of Beogh upon you.
Beogh smites you!
* * * LOW HITPOINT WARNING * * *
Blink to where?
Press: ? - help, Dir - move target
As you read the scroll of blinking, it crumbles to dust.
There is a fountain of clear blue water here.
There is an open door here.
You reach down and close the door.
You reach down and open the door.
You reach down and close the door.
An orc warrior breaks down the door.
You see here 10 stones.
There is an open door here.
You see here a +0 chain mail.
There is an open door here.
As you read the scroll of identify {@r1}, it crumbles to dust.
n - 2 potions of haste
As you read the scroll of identify {@r1}, it crumbles to dust.
h - a potion of flight
As you read the scroll labelled LEGOYT NOTOEVI, it crumbles to dust.
It is a scroll of amnesia.
You feel forgetful for a moment.
The orc priest mumbles some strange prayers to Beogh against you.
Beogh smites you!
* * * LOW HITPOINT WARNING * * *
The orc priest begins to cast a cantrip, but forgets the words!
There is a stone staircase leading up here.
The orc priest mumbles some strange prayers to Beogh against you.
Beogh smites you!
You die...

#.............###
#
#......o.........
#.
#.........#######
#.. #....o....#
#... #.......###
#....##......)#
#.......o..)..#
....##.......#
### #@.......#
#........#
#........#
#........#
#.#.###### #.#.#
#.#.# #.#.# #.#


You could see an orc warrior and 2 orc priests.

Vanquished Creatures
  A scorpion (D:4)
  An iguana (D:5)
  An orc wizard (D:5)
  6 adders
  A worm (D:2)
  4 orcs
  6 bats
  7 endoplasms
  3 giant cockroaches
  8 goblins
  6 hobgoblins
  6 kobolds
  4 quokkas
  10 ball pythons
  4 frilled lizards
  10 rats
78 creatures vanquished.

Vanquished Creatures (others)
  2 plants (D:3)
2 creatures vanquished.

Grand Total: 80 creatures vanquished

Notes
Turn   | Place    | Note
-------+----------+-------------------------------------------
     0 | D:1      | leviel the Hill Orc Fighter began the quest for the Orb.
     0 | D:1      | Reached XP level 1. HP: 19/19 MP: 1/1
   120 | D:1      | Reached XP level 2. HP: 23/26 MP: 2/2
   419 | D:1      | Reached skill level 1 in Short Blades
   513 | D:1      | Reached XP level 3. HP: 12/31 MP: 3/3
  1491 | D:2      | Found a faded altar of an unknown god.
  1505 | D:2      | Reached XP level 4. HP: 26/39 MP: 4/4
  1508 | D:2      | Identified a scroll of acquirement
  1508 | D:2      | Acquired the +6 rapier of Prudence {spect, Fly rN++ Dex-4
                  | SInv}
  2194 | D:3      | Found a glowing silver altar of Zin.
  2399 | D:3      | Found a radiant altar of Vehumet.
  2613 | D:4      | Reached XP level 5. HP: 45/45 MP: 5/5
  3682 | D:5      | Entered Level 5 of the Dungeon
  3736 | D:5      | Reached XP level 6. HP: 45/51 MP: 6/6
  3827 | D:5      | Noticed an orc warrior
  3890 | D:5      | Killed from afar by an orc priest

Illustrated notes

Levels and vault maps discovered:
D:1:      dpeg_arrival_radiant, layout_loops_ring
D:2:      minmay_alternating_diamond, layout_basic,
          shapermc_ecumenical_altar_venn, minmay_split_cup_large
D:3:      layout_rooms, mainiacjoe_overflow_catch_the_wave, serial_bayou,
          serial_bayou_shore_b, serial_bayou_shore_b, serial_bayou_ford_a,
          serial_bayou_pond_c, serial_bayou_lake_a, kennysheep_generic_room_10
D:4:      layout_basic
D:5:      layout_basic, minmay_misc_feat_roman, corexii_leaking_fountain

Skill      XL: |  1  2  3  4  5 |
---------------+----------------+-----
Shields        | 4 |  4.0
Short Blades   | 1 3 4 |  4.3
Long Blades    | 4 |  4.0
Fighting       | |  3.6
Armour         | |  3.2

Action                   |  1- 3 |  4- 6 || total
-------------------------+-------+-------++-------
Melee: Long sword        |   127 |       ||   127
       Rapier            |       |    65 ||    65
  Use: Scroll            |       |    10 ||    10
Armor: Scale mail        |    58 |    19 ||    77
Dodge: Dodged            |    66 |    20 ||    86
Block: Buckler           |    33 |     5 ||    38

Table legend: (Time is in decaauts)
 A = Elapsed time spent in this place.
 B = Non-inter-level travel time spent in this place.
 C = Inter-level travel time spent in this place.
 D = Time resting spent in this place.
 E = Time spent auto-exploring this place.
 F = Levels seen in this place.
 G = Mean time per level.
                   A        B        C        D        E       F      G
               +--------+--------+--------+--------+--------+-----+--------+
         Total |   3924 |   3864 |     60 |    247 |   3053 |   5 |  784.8 |
       Dungeon |   3924 |   3864 |     60 |    247 |   3053 |   5 |  784.8 |
               +--------+--------+--------+--------+--------+-----+--------+

Top non-repeatable levels by time:
     D:4: 1101 daAuts
     D:1: 1068 daAuts
     D:2: 864 daAuts
     D:3: 683 daAuts
     D:5: 207 daAuts
